 Dungeon Sprint DCSS version 0.22.1-1-ga44c0e56f4 (webtiles) character file.

3794 MuseOD the Unseen (level 9, -3/53 HPs)
             Began as a Spriggan Enchanter on Sept 29, 2018.
             Was a High Priest of Dithmenos.
             Slain by an earth elemental (38 damage)
             ... in the Dungeon (Sprint III: "The Ten Rune Challenge").
             The game lasted 00:05:40 (1856 turns).

MuseOD the Unseen (Spriggan Enchanter)              Turns: 1856, Time: 00:05:40

Health: -3/53      AC:  2    Str:  4    XL:     9   Next: 96%
Magic:  4/19       EV: 18    Int: 19    God:    Dithmenos [*****.]
Gold:   438        SH:  0    Dex: 17    Spells: 11/20 levels left

rFire    . . .     SeeInvis +   q - +1 dagger (freeze)
rCold    . . .     Gourm    .   (shield restricted)
rNeg     . . .     Faith    .   b - +0 robe
rPois    .         Spirit   .   (helmet restricted)
rElec    .         Reflect  .   (no cloak)
rCorr    .         Harm     .   (gloves unavailable)
MR       +....     NoTele   +   (boots unavailable)
Stlth    ++++++++++             (no amulet)
HPRegen  0.17/turn              (no ring)
MPRegen  0.16/turn              (no ring)

@: very slightly contaminated, wreathed by umbra, very quick
A: very small, unfitting armour, see invisible, herbivore, speed 3, slow
metabolism 2
a: Shadow Step, Shadow Form, Renounce Religion


You were in the Dungeon.
You worshipped Dithmenos.
Dithmenos was extremely pleased with you.
You were hungry.

You visited 1 branch You collected 438 gold pieces.

Inventory:

Hand Weapons
 a - a +1 dagger
 q - a +1 dagger of freezing (weapon)
 r - a +0 flail
Armour
 b - a +0 robe (worn)
Wands
 i - a wand of digging (9)
Scrolls
 j - a scroll of blinking
 k - a scroll of holy word {unknown}
 l - 5 scrolls of identify
 n - a scroll of immolation {unknown}
 o - 2 scrolls of remove curse
Potions
 c - 3 potions of mutation {unknown}
 e - a potion of curing
 f - a potion of heal wounds
 g - a potion of haste
 h - a potion of magic
 m - a potion of flight {unknown}
 p - a potion of degeneration {unknown}
 s - a potion of might
Comestibles
 d - 4 rations


   Skills:
 + Level 9.5 Fighting
 * Level 16.2 Short Blades
 - Level 3.0 Dodging
 + Level 16.6 Stealth
 + Level 6.3 Spellcasting
 + Level 6.8 Hexes


You had 11 spell levels left.
You knew the following spells:

 Your Spells              Type           Power        Failure   Level  Hunger
a - Corona                Hex            ####...      1%          1    None
b - Ensorcelled Hibernat  Hex/Ice        ###...       4%          2    None
c - Confuse               Hex            ####....     1%          3    ##.....
d - Dazzling Spray        Conj/Hex       ###...       9%          3    ##.....

Your spell library contained the following spells:

 Spells                   Type           Power        Failure   Level  Hunger
 Confusing Touch          Hex            ####..       1%          1    None
 Tukima's Dance           Hex            ####....     1%          3    ##.....
 Animate Skeleton         Necr           N/A          11%         1    None
 Apportation              Tloc           #.....       11%         1    None
 Summon Small Mammal      Summ           #...         11%         1    None


Dungeon Overview and Level Annotations

Branches:
Dungeon (1/1)

Altars:
Cheibriados
Dithmenos
Elyvilon
Fedhas
Kikubaaqudgha
Makhleb
Okawaru
Qazlal
Ru
Sif Muna
Trog
Uskayaw
Vehumet
Wu Jian
Yredelemnul
Zin
The Shining One
Beogh


Innate Abilities, Weirdness & Mutations

You are very small and have problems with some larger weapons.
You are too small for most types of armour.
You have supernaturally acute eyesight. (SInv)
You are a herbivore.
You cover ground extremely quickly.
You need to consume almost no food.


Message History

You hit the earth elemental but do no damage.
The earth elemental is almost destroyed.
You hit the earth elemental.
The earth elemental is almost destroyed.
You hit the earth elemental but do no damage.
The earth elemental is almost destroyed.
Your shadow hits the earth elemental but does no damage.
You hit the earth elemental but do no damage.
The earth elemental is almost destroyed.
Your shadow hits the earth elemental but does no damage.
The earth elemental barely misses you.
You hit the earth elemental but do no damage.
The earth elemental is almost destroyed.
You hit the earth elemental but do no damage.
The earth elemental is almost destroyed.
You hit the earth elemental but do no damage.
The earth elemental is almost destroyed.
The earth elemental hits you!!!
Ouch! That really hurt!
You die...

♣♣..###)#'###)##$$.ooooo
.♣♣.#..(.......#$...oooo
..♣.+.⌠).).).).#$#
≈.♣.#...######'#$#
...E#.⌠.# #...#'##########
....#...# #..)#.§≈≈§'.#.'
....#'### #..§#§#§§§#.#.#
....#.[)#__#.[§E§#§§.#.#.#
....#___#__'...#@#§§§#...#
▓▓▓▓▓▓▓▓▓▓▓▓▓▓▓▓▓▓▓▓▓▓▓▓▓▓


You could see an earth elemental.

Vanquished Creatures
  Snorg (D)
  2 orc high priests (D)
  A deep elf mage (D)
  An orc sorcerer (D)
  A shadow (D)
  A spatial vortex (D)
  An orc warrior (D)
  A necrophage (D)
  Crazy Yiuf (D)
  3 orc priests (D)
  A jelly (D)
  A wizard (D)
  An orc wizard (D)
  Jessica (D)
  A necromancer (D)
  A kobold demonologist (D)
  3 humans (D)
  2 oozes (D)
  10 orcs (D)
  A rat (D)
35 creatures vanquished.

Vanquished Creatures (others)
  2 draconian scorchers (D)
  2 yaktaurs (D)
  6 hellions (D)
  2 plants (D)
12 creatures vanquished.

Grand Total: 47 creatures vanquished

Notes
Turn   | Place    | Note
-------+----------+-------------------------------------------
     0 | D        | MuseOD the Spriggan Enchanter began the quest for the Orb.
     0 | D        | Reached XP level 1. HP: 9/9 MP: 5/5
    12 | D        | Reached skill level 1 in Fighting
    12 | D        | Reached skill level 5 in Stealth
    17 | D        | Reached XP level 2. HP: 8/14 MP: 6/6
    81 | D        | Killed a yaktaur
   111 | D        | Killed a hellion
   146 | D        | Killed a hellion
   162 | D        | Learned a level 2 spell: Ensorcelled Hibernation
   162 | D        | Noticed Jessica
   169 | D        | Killed Jessica
   169 | D        | Reached XP level 3. HP: 17/18 MP: 5/8
   171 | D        | Killed a hellion
   181 | D        | Killed a hellion
   191 | D        | Killed a hellion
   212 | D        | Learned a level 3 spell: Confuse
   221 | D        | Killed a white draconian scorcher
   252 | D        | Reached skill level 5 in Short Blades
   255 | D        | Noticed Crazy Yiuf
   256 | D        | Killed a hellion
   315 | D        | Killed a white draconian scorcher
   330 | D        | Killed Crazy Yiuf
   330 | D        | Reached XP level 4. HP: 24/24 MP: 6/9
   380 | D        | Noticed a water elemental
   435 | D        | Found a glowing silver altar of Zin.
   435 | D        | Found a glowing golden altar of the Shining One.
   435 | D        | Found a white marble altar of Elyvilon.
   435 | D        | Noticed a deep elf mage
   441 | D        | Found a basalt altar of Yredelemnul.
   441 | D        | Found a shadowy altar of Dithmenos.
   441 | D        | Found a sacrificial altar of Ru.
   441 | D        | Noticed a necrophage
   449 | D        | Killed a necrophage
   449 | D        | Reached XP level 5. HP: 21/29 MP: 0/10
   481 | D        | Became a worshipper of Dithmenos the Shadowed
   630 | D        | Killed a deep elf mage
   630 | D        | Reached XP level 6. HP: 28/37 MP: 1/11
   630 | D        | Reached XP level 7. HP: 31/41 MP: 1/12
   719 | D        | Found a radiant altar of Vehumet.
   720 | D        | Found a deep blue altar of Sif Muna.
   720 | D        | Found an ancient bone altar of Kikubaaqudgha.
   723 | D        | Reached * piety under Dithmenos
   773 | D        | Found a hide-covered altar of Uskayaw.
   773 | D        | Found a roughly hewn altar of Beogh.
   773 | D        | Found an iron altar of Okawaru.
   773 | D        | Found a bloodstained altar of Trog.
   773 | D        | Found an ornate altar of the Wu Jian Council.
   773 | D        | Noticed a human
   773 | D        | Noticed a human
   776 | D        | Killed a human
   777 | D        | Killed a human
   791 | D        | Noticed a shadow
   793 | D        | Killed a shadow
   793 | D        | Reached ** piety under Dithmenos
   793 | D        | Reached XP level 8. HP: 46/46 MP: 13/13
   806 | D        | Noticed Snorg
   808 | D        | Killed Snorg
   808 | D        | Reached skill level 15 in Stealth
   822 | D        | Learned a level 3 spell: Dazzling Spray
   831 | D        | Noticed an orc high priest
   831 | D        | Noticed an orc sorcerer
   831 | D        | Noticed an orc high priest
   832 | D        | Noticed a smoke demon
   910 | D        | Reached *** piety under Dithmenos
   910 | D        | Reached XP level 9. HP: 49/52 MP: 1/14
   975 | D        | Reached skill level 15 in Short Blades
  1003 | D        | Reached **** piety under Dithmenos
  1100 | D        | Found a blossoming altar of Fedhas.
  1101 | D        | Found a stormy altar of Qazlal.
  1103 | D        | Found a snail-covered altar of Cheibriados.
  1103 | D        | Found a burning altar of Makhleb.
  1147 | D        | Noticed an ice devil
  1149 | D        | Killed an orc high priest
  1149 | D        | Reached skill level 5 in Hexes
  1151 | D        | Noticed a rust devil
  1157 | D        | Noticed a sun demon
  1157 | D        | Killed an orc sorcerer
  1157 | D        | Reached skill level 5 in Spellcasting
  1209 | D        | Reached ***** piety under Dithmenos
  1234 | D        | Killed a yaktaur
  1337 | D        | Killed an orc high priest
  1856 | D        | Slain by an earth elemental

Skill      XL: |  1  2  3  4  5  6  7  8  9 |
---------------+----------------------------+-----
Fighting       | 1 2 3 4 6 7 8 9 |  9.5
Short Blades   | 3 4 6 8 11 13 14 16 | 16.2
Stealth        | 5 6 7 9 12 13 15 16 | 16.6
Spellcasting   | 6 |  6.3
Hexes          | 6 |  6.8
Dodging        | |  3.0

Action                   |  1- 3 |  4- 6 |  7- 9 || total
-------------------------+-------+-------+-------++-------
Melee: Dagger            |    16 |    11 |   135 ||   162
 Cast: Ensorcelled Hiber |     4 |       |     6 ||    10
       Confuse           |       |     5 |    10 ||    15
       Dazzling Spray    |       |       |    28 ||    28
  Use: Potion            |       |     1 |     4 ||     5
 Stab: Sleeping          |     4 |       |     9 ||    13
       Confused          |       |     2 |     3 ||     5
       Distracted        |       |       |     1 ||     1
       Invisible         |       |       |     1 ||     1
  Eat: Ration            |       |       |     1 ||     1
Armor: Robe              |       |     1 |     2 ||     3
Dodge: Dodged            |     9 |     2 |    53 ||    64
